 Dungeon Crawl Stone Soup version 0.26-a0-1177-g1209ec82b9 (webtiles) character file.

Game seed: 5512439268620249833

189602 sokol815 the Severer (level 19, -3/148 HPs)
             Began as a Formicid Fighter on Dec 24, 2020.
             Was the Champion of Qazlal.
             Slain by a goliath frog (13 damage)
             ... on level 3 of the Swamp.
             The game lasted 01:01:13 (27539 turns).

sokol815 the Severer (Formicid Fighter)            Turns: 27539, Time: 01:01:13

Health: -3/148     AC: 19    Str: 30    XL:     19   Next: 29%
Magic:  0/25       EV: 14    Int: 11    God:    Qazlal [******]
Gold:   2190       SH: 20    Dex: 12    Spells: 18/18 levels left

rFire    . . .     SeeInvis +   a - +2 battleaxe (elec)
rCold    . . .     Faith    .   D - +0 kite shield {reflect}
rNeg     + . .     Spirit   +   Z - +4 ring mail "Tiacruqu" {rPois Will+ Regen+}
rPois    +         Reflect  +   (helmet unavailable)
rElec    .         Harm     .   B - +2 cloak of the Eternal Fruit {SInv Stlth+}
rCorr    .         Rampage  .   C - +0 pair of gloves {archery}
Will     ++...     Clarity  +   i - +0 pair of boots
Stlth    +.........             m - amulet of guardian spirit {Spirit}
HPRegen  0.74/turn              c - ring of positive energy {rN+}
MPRegen  0.19/turn              t - +6 ring of strength

@: protected from physical damage, corroded, repel missiles
A: permanent stasis, dig shafts and tunnels, four strong arms, antennae 3,
hooves 1, clarity, wild magic 1
a: Dig, Shaft Self, Renounce Religion, Upheaval, Elemental Force, Disaster Area


You were on level 3 of the Swamp.
You worshipped Qazlal.
Qazlal was exalted by your worship.
You visited 5 branches of the dungeon, and saw 27 of its levels.
You also visited: Sewer and Bailey.

You collected 2699 gold pieces.
You spent 509 gold pieces at shops.

Inventory:

Hand Weapons
 a - a +2 battleaxe of electrocution (weapon)
   (You took it off an orc knight on level 2 of the Orcish Mines)
 b - a +1 battleaxe of flaming
   (You took it off an orc knight on level 2 of the Orcish Mines)
 v - a +0 trident
   (You took it off an orc on level 4 of the Dungeon)
Missiles
 f - 4 curare-tipped darts
 g - 77 boomerangs
 w - 3 throwing nets {=f, !d}
 O - 18 javelins {=f}
 S - 89 poisoned darts
Armour
 i - a +0 pair of boots (worn)
   (You found it on level 1 of the Dungeon)
 B - the +2 cloak of the Eternal Fruit (worn) {SInv Stlth+}
   (You found it on level 6 of the Lair of Beasts)

   It lets you see invisible.
   It makes you more stealthy.
 C - a +0 pair of gloves of archery (worn)
   (You bought it in a shop on level 15 of the Dungeon)
 D - a +0 kite shield of reflection (worn)
   (You took it off Donald on level 1 of the Swamp)
 Z - the +4 ring mail "Tiacruqu" (worn) {rPois Will+ Regen+}
   (You found it on level 2 of the Lair of Beasts)

   It protects you from poison.
   It affects your willpower, your defense against some magical effects.
   It increases your rate of regeneration.
Jewellery
 c - a ring of positive energy (left hand) {rN+}
   (You found it on level 1 of the Swamp)
 k - an uncursed ring of resist corrosion
   (You found it on level 1 of the Dungeon)
 m - an amulet of guardian spirit (around neck) {Spirit}
   (You found it on level 1 of the Dungeon)
 o - an uncursed ring of flight {+Fly, !d}
   (You found it on level 3 of the Lair of Beasts)
 t - a +6 ring of strength (right hand)
   (You found it on level 3 of the Dungeon)
 G - a +4 ring of protection
   (You found it on level 6 of the Lair of Beasts)
 X - an uncursed ring of fire {rF+, rC-}
   (You found it on level 8 of the Dungeon)
Wands
 x - a wand of digging (4)
   (You found it on level 6 of the Lair of Beasts)
 y - a wand of disintegration (13)
   (You found it on level 4 of the Dungeon)
 z - a wand of iceblast (9)
   (You found it on level 4 of the Dungeon)
 A - a wand of acid (26)
   (You took it off an orc on level 6 of the Dungeon)
 F - a wand of enslavement (17)
   (You found it on level 7 of the Dungeon)
 P - a wand of paralysis (18)
   (You found it on level 4 of the Lair of Beasts)
 R - a wand of flame (45)
   (You found it on level 10 of the Dungeon)
Scrolls
 e - 3 scrolls of fear
 h - 4 scrolls of magic mapping {!r}
 l - 7 scrolls of identify
 p - 2 scrolls of fog
 r - 11 scrolls of immolation {!r}
 s - a scroll of enchant armour
 M - 15 scrolls of remove curse
 U - a scroll of amnesia
Potions
 d - 14 potions of curing
 n - a potion of magic
 q - 3 potions of invisibility
 u - 4 potions of attraction {!q}
 E - 6 potions of might
 I - 2 potions of flight
 J - a potion of cancellation
 K - 4 potions of mutation {!q}
 L - 2 potions of ambrosia
 N - 3 potions of resistance
Miscellaneous
 j - a phantom mirror
   (You found it in a bailey)
 H - a phantom mirror
   (You found it on level 6 of the Lair of Beasts)
 Y - a box of beasts
   (You found it on level 9 of the Dungeon)


   Skills:
 + Level 12.9 Fighting
 * Level 18.3 Axes
 + Level 10.5 Throwing
 + Level 16.5 Armour
 - Level 5.1 Dodging
 - Level 9.0 Shields
 * Level 8.6 Invocations


You had 18 spell levels left.
You didn't know any spells.
Your spell library contained the following spells:

 Spells                   Type           Power        Failure   Level
 Beastly Appendage        Tmut           0%           50%         1
 Freeze                   Ice            0%           50%         1
 Magic Dart               Conj           0%           50%         1
 Call Imp                 Summ           0%           65%         2
 Slow                     Hex            0%           65%         2
 Wereblood                Tmut           0%           65%         2
 Confusing Touch          Hex            0%           86%         3
 Conjure Flame            Conj/Fire      0%           86%         3
 Frozen Ramparts          Ice            0%           86%         3
 Gell's Gravitas          Tloc           0%           86%         3
 Lesser Beckoning         Tloc           0%           86%         3
 Mephitic Cloud           Conj/Pois/Air  0%           86%         3
 Ozocubu's Armour         Ice            0%           86%         3
 Spider Form              Tmut/Pois      0%           86%         3
 Teleport Other           Tloc           0%           86%         3
 Hailstorm                Conj/Ice       0%           99%         4
 Ice Form                 Ice/Tmut       0%           99%         4
 Passage of Golubria      Tloc           N/A          99%         4
 Petrify                  Tmut/Erth      0%           99%         4
 Summon Ice Beast         Ice/Summ       0%           99%         4
 Blade Hands              Tmut           0%           100%        5
 Metabolic Englaciation   Hex/Ice        0%           100%        5
 Yara's Violent Unravell  Hex/Tmut       0%           100%        5
 Chain Lightning          Conj/Air       0%           100%        8
 Lehudib's Crystal Spear  Conj/Erth      0%           100%        8
 Absolute Zero            Ice            0%           100%        9
 Fire Storm               Conj/Fire      0%           100%        9
 Blink                    Tloc           Unusable     N/A         2

Dungeon Overview and Level Annotations

Branches:
Dungeon (15/15)            Temple (1/1) D:5            Lair (6/6) D:11
  Swamp (3/4) Lair:4        Snake (0/4) Lair:4        Slime (0/5) Lair:5
    Orc (2/2) D:9             Elf (0/3) Orc:2        Vaults (0/5) D:14
 Depths (0/5) D:15          Sewer (visited)          Bailey (visited)

Altars:
Ashenzari
Cheibriados
Dithmenos
Elyvilon
Fedhas
Gozag
Hepliaklqana
Kikubaaqudgha
Makhleb
Nemelex Xobeh
Qazlal
Ru
Sif Muna
Trog
Uskayaw
Wu Jian
Xom
Yredelemnul
Zin
The Shining One
Beogh
Jiyva

Shops:
D:5 }   D:6 [   D:15 [   Orc:2 (}*!(

Portals:
Trove: D:15 (give +5 ice dragon scales)

Annotations:
D:3 1 runed translucent door, xraymikek's ghost, amateur DrFE
D:12 3 runed translucent doors, mojowtm's ghost, journeyman SpHu
Lair:4 exclusion: 2 oklob plants


Innate Abilities, Weirdness & Mutations

You cannot be hasted, slowed, berserked, paralysed or teleported.
You can dig through walls and to a lower floor.
Your four strong arms can wield two-handed weapons with a shield.
You have a pair of large antennae on your head. (SInv)
You have large cloven feet.
You possess an exceptional clarity of mind.
Your spells are a little harder to cast, but a little more powerful.


Message History

The flame cauterises the wound!
You carve the seven-headed hydra like a ham!!!
You burn the seven-headed hydra!
You kill the seven-headed hydra!
Qazlal accepts your kill.
You barely miss the spriggan rider. The spriggan rider closely misses you.
The goliath frog is engulfed in freezing vapours.
The goliath frog hits you but does no damage.
You barely miss the spriggan rider.
A goliath frog comes into view.
The goliath frog is engulfed in freezing vapours.
The goliath frog seems to slow down.
You block the goliath frog's attack. The spriggan rider closely misses you.
Your +1 battleaxe of flaming stops flaming.
You hear the crackle of electricity.
a - a +2 battleaxe of electrocution (weapon)
The eleionoma melds with the trees.
You closely miss the spriggan rider.
The spriggan rider is engulfed in freezing vapours.
You block the spriggan rider's attack.
The goliath frog is engulfed in freezing vapours.
The goliath frog seems to slow down.
You kill the goliath frog!
Qazlal accepts your kill.
You cut the spriggan rider into ribbons!!!
You kill the hornet!
Qazlal accepts your kill.
The spriggan falls from its now dead mount.
A shambling mangrove comes into view.
Your unstable footing causes you to fumble your attack.
The spriggan is engulfed in freezing vapours.
The spriggan splashes around in the water.
A goliath frog comes into view.
You hit the spriggan. The goliath frog hits you from afar!
You are splashed with acid!
The spriggan is engulfed in freezing vapours.
You kill the spriggan!
Qazlal accepts your kill.
You hear a splash.
You take 15 damage, and have 122/148 hp.
You now have 21/25 mp.
You block the eleionoma's attack. You block the goliath frog's attack.
The eleionoma hurls a spray of splinters at you.
The spray of wooden splinters hits you but does no damage.
You feel more protected from physical attacks.
The goliath frog hits you from afar!
You are splashed with acid!
You take 20 damage, and have 102/148 hp.
You now have 17/25 mp.
You hit the eleionoma.
The eleionoma hits you but does no damage.
You closely miss the eleionoma. The goliath frog hits you from afar.
You are splashed with acid!
You block the goliath frog's attack.
You take 11 damage, and have 92/148 hp.
You now have 15/25 mp.
Your unstable footing causes you to fumble your attack.
You block the goliath frog's attack.
The goliath frog hits you but does no damage.
You block the eleionoma's attack.
Your unstable footing causes you to fumble your attack.
You block the goliath frog's attack. x2; The eleionoma closely misses you.
You barely miss the eleionoma. You block the goliath frog's attack. x2
You block the eleionoma's attack.
You slash the eleionoma! The goliath frog hits you from afar!!
The acid corrodes you!
You are splashed with acid!
The goliath frog is struck by lightning.
The goliath frog completely misses you.
You hear a roar!
You hear a deafening roar!
You hear a shout! x3
You take 21 damage, and have 73/148 hp.
You now have 12/25 mp.
Your unstable footing causes you to fumble your attack.
The goliath frog misses you. You block the eleionoma's attack.
The goliath frog hits you but does no damage.
You hear a roar!
The eleionoma hits you but does no damage.
The goliath frog hits you from afar!
You are splashed with acid!
You block the goliath frog's attack.
You take 11 damage, and have 62/148 hp.
You now have 10/25 mp.
Roots burst forth from the earth!
The grasping roots grab you! The grasping roots constrict you!
The goliath frog barely misses you.
You take 12 damage, and have 50/148 hp.
You now have 9/25 mp.
The roots' grasp on you weakens, but your attempt to escape fails.
You hear a shout!
You block the goliath frog's attack. x2; The grasping roots constrict you.
The goliath frog hits you from afar!
* * * LOW HITPOINT WARNING * * *
You are splashed with acid.
* * * LOW HITPOINT WARNING * * *
You take 20 damage, and have 30/148 hp.
You now have 5/25 mp.
The roots' grasp on you weakens, but your attempt to escape fails.
You block the goliath frog's attack.
* * * LOW HITPOINT WARNING * * *
The grasping roots constrict you! You block the goliath frog's attack.
The goliath frog hits you from afar!
* * * LOW HITPOINT WARNING * * *
You are splashed with acid!
* * * LOW HITPOINT WARNING * * *
You take 21 damage, and have 9/148 hp.
You now have 2/25 mp.
You escape the roots' grasp.
You hear a shout!
The eleionoma barely misses you. The goliath frog hits you from afar!
You die...

≈≈.≈≈ ♣.≈...≈♣ ..≈.
♣.≈≈≈≈.♣
≈≈.♣♣.≈≈≈≈≈♣♣♣
♣..[..≈≈≈≈...
♣♣.≈≈≈≈≈≈≈≈.≈
♣.≈≈≈§≈≈≈)♣
♣♣.≈○FF§≈≈♣♣
≈..♣.°.fR°≈...♣≈..
≈≈.......@°<≈≈..<≈≈
≈.≈≈...≈☼....≈≈.≈≈≈
≈≈≈≈≈.≈○○....≈≈.≈≈≈
≈≈≈.≈♣.§≈..♣≈.≈..≈≈
≈≈≈.♣♣♣♣♣≈≈♣.≈..≈≈≈
.≈≈. ♣♣♣♣≈≈≈≈≈≈≈
♣≈≈ ≈≈≈≈≈≈. ≈≈≈≈.♣♣


You could see a shambling mangrove, an eleionoma and 2 goliath frogs.

Vanquished Creatures
  Gastronok (Lair:1)
  Kirke (Lair:6)
  Donald (Swamp:1)
  An orc warlord (Bailey)
  A stone giant (Orc:1)
  A bunyip (Swamp:2)
  2 eleionomae
  14 hydras
  A vault guard (D:14)
  3 boulder beetles
  3 centaur warriors
  A death knight (D:15)
  A death yak (Lair:4)
  6 two-headed ogres
  4 alligators
  4 orc high priests
  Sonja (Lair:3)
  3 goliath frogs
  5 unseen horrors
  3 spriggan druids
  2 bog bodies
  A swamp dragon (Swamp:1)
  A lindwurm (Lair:4)
  A wizard (D:15)
  A necromancer (D:15)
  5 orc knights
  A wolf spider (D:15)
  4 deep elf magi
  2 will-o-the-wisps
  10 orc sorcerers
  2 manticores
  13 ugly things
  Maurice (D:11)
  19 elephants
  8 black mambas
  7 centaur zombies
  19 cane toads
  10 komodo dragons
  2 gargoyles
  3 yaktaurs (D:15)
  3 freezing wraiths (D:15)
  A troll (D:10)
  6 hornets
  3 meliai (D:15)
  7 polar bears
  12 tyrant leeches
  27 dream sheep
  12 slime creatures
  42 blink frogs
  2 meliai zombies
  19 spriggans
  3 centaur simulacra
  A vampire (D:12)
  4 wraiths
  32 yaks
  2 shadows
  3 wyverns
  5 hogs (Lair:6)
  6 basilisks
  8 wargs
  8 vampire mosquitoes
  2 nagas (Lair:4)
  4 swamp worms
  2 acid dragons
  4 swamp drakes
  11 water moccasins
  4 eyes of draining
  5 ice beasts
  5 sky beasts
  9 black bears
  9 ogres
  30 orc warriors
  18 wolves
  7 necrophages
  4 boggarts (Lair:6)
  4 phantoms
  16 centaurs
  6 big kobolds
  A gnoll sergeant (D:13)
  18 bullfrogs
  A wyvern skeleton (D:13)
  7 scorpions
  24 wights
  5 electric eels
  A howler monkey (D:6)
  A bullfrog zombie (D:8)
  5 hounds
  A gnoll shaman (D:4)
  5 jellies
  3 centaur skeletons
  18 orc priests
  31 orc wizards
  2 bullfrog skeletons (D:13)
  Natasha (thrice) (D:3)
  8 iguanas
  9 worker ants
  A killer bee zombie (D:9)
  A mummy (D:12)
  A howler monkey zombie (D:6)
  A worker ant zombie (D:8)
  Robin (D:3)
  5 gnolls
  26 adders
  5 river rats (Sewer)
  5 shadow imps
  5 white imps
  An ufetubus (D:5)
  3 adder skeletons
  A worm (D:2)
  2 dart slugs
  5 leopard geckos
  92 orcs
  7 bats
  5 giant cockroaches
  12 hobgoblins
  12 jackals
  6 quokkas
  8 ball pythons
  3 frilled lizards
  24 goblins
  A jackal skeleton (D:4)
  55 kobolds
  2 leopard gecko skeletons
  A leopard gecko zombie (D:6)
  A quokka skeleton (D:6)
  27 rats
  A bush (Lair:1)
  A butterfly (Lair:4)
979 creatures vanquished.

Vanquished Creatures (others)
  A bloated husk (Swamp:1)
  A spriggan (Swamp:1)
  An orc warrior (D:7)
  A wight (D:7)
  A centaur skeleton (D:7)
  3 orcs (D:7)
  8 foxfires
  45 fungi
  109 plants
  A withered plant (D:12)
171 creatures vanquished.

Grand Total: 1150 creatures vanquished

Notes
Turn   | Place    | Note
-------+----------+-------------------------------------------
     0 | D:1      | sokol815 the Formicid Fighter began the quest for the Orb.
     0 | D:1      | Reached XP level 1. HP: 18/18 MP: 1/1
   114 | D:1      | Reached XP level 2. HP: 20/24 MP: 2/2
   319 | D:1      | Reached skill level 3 in Axes
   392 | D:1      | Reached XP level 3. HP: 29/29 MP: 3/3
   519 | D:2      | Noticed a wight
   519 | D:2      | Noticed a wight
   519 | D:2      | Noticed a wight
   528 | D:1      | Killed a wight
   529 | D:1      | Reached skill level 4 in Axes
   529 | D:1      | Reached XP level 4. HP: 15/35 MP: 1/4
   540 | D:2      | Reached skill level 5 in Axes
   540 | D:2      | Reached XP level 5. HP: 18/41 MP: 0/5
   541 | D:2      | HP: 5/41 [wight/+0 halberd (13)]
   892 | D:2      | Reached XP level 6. HP: 41/47 MP: 6/6
   935 | D:2      | Reached skill level 6 in Axes
  1628 | D:3      | Found a stormy altar of Qazlal.
  1628 | D:3      | Noticed Robin
  1641 | D:3      | Killed Robin
  1653 | D:3      | Noticed Natasha
  1666 | D:3      | Killed Natasha
  2153 | D:3      | Found a runed translucent door.
  2155 | D:3      | Noticed xraymikek's ghost (amateur DrFE)
  2157 | D:3      | Noticed Natasha
  2166 | D:3      | Killed Natasha
  2238 | D:3      | Noticed Natasha
  2252 | D:3      | Killed Natasha
  2253 | D:3      | Reached skill level 7 in Axes
  2253 | D:3      | Reached XP level 7. HP: 40/52 MP: 7/7
  3152 | D:4      | Reached skill level 8 in Axes
  3840 | D:4      | Reached XP level 8. HP: 54/58 MP: 8/8
  3865 | D:4      | Gained mutation: You have large cloven feet. [potion of
                  | mutation]
  3865 | D:4      | Gained mutation: You possess an exceptional clarity of
                  | mind. [potion of mutation]
  3865 | D:4      | Gained mutation: Your spells are a little harder to cast,
                  | but a little more powerful. [potion of mutation]
  3886 | D:5      | Entered Level 5 of the Dungeon
  4006 | D:5      | Reached skill level 9 in Axes
  4030 | D:5      | Found a staircase to the Ecumenical Temple.
  4055 | Temple   | Entered the Ecumenical Temple
  4099 | Temple   | Became a worshipper of Qazlal Stormbringer
  4206 | D:5      | Found a glowing drain.
  4230 | Sewer    | Entered a sewer
  4397 | Sewer    | Reached * piety under Qazlal
  4575 | Sewer    | Reached skill level 10 in Axes
  5022 | D:5      | Found Mecy's Gadget Shop.
  5555 | D:6      | Reached ** piety under Qazlal
  5556 | D:6      | Reached skill level 1 in Invocations
  5556 | D:6      | Reached XP level 9. HP: 48/64 MP: 7/10
  5608 | D:6      | Reached skill level 2 in Invocations
  5678 | D:6      | Reached skill level 3 in Invocations
  5873 | D:6      | Reached skill level 4 in Invocations
  6624 | D:6      | Found Durph's Antique Armour Shoppe.
  6629 | D:6      | Bought a glowing chain mail for 247 gold pieces
  6882 | D:7      | Reached skill level 11 in Axes
  7017 | D:7      | Found a shimmering altar of Xom.
  7119 | D:7      | Reached skill level 4 in Armour
  7119 | D:7      | Reached skill level 5 in Invocations
  7459 | D:7      | Reached *** piety under Qazlal
  7465 | D:7      | Reached skill level 6 in Invocations
  7465 | D:7      | Reached XP level 10. HP: 56/70 MP: 12/14
  7466 | D:7      | Reached skill level 5 in Armour
  8180 | D:8      | Reached skill level 6 in Armour
  8188 | D:8      | Noticed a two-headed ogre
  8197 | D:8      | Killed a two-headed ogre
  8198 | D:8      | Reached skill level 12 in Axes
  8206 | D:8      | Reached skill level 7 in Armour
  8497 | D:8      | Reached **** piety under Qazlal
  8993 | D:9      | Reached skill level 8 in Armour
  9024 | D:9      | Found a staircase to the Orcish Mines.
  9248 | D:9      | Reached XP level 11. HP: 67/75 MP: 11/15
  9957 | D:10     | Entered Level 10 of the Dungeon
  9975 | D:10     | Reached skill level 13 in Axes
  9975 | D:10     | Reached skill level 9 in Armour
 10124 | D:10     | Noticed a two-headed ogre
 10128 | D:10     | Killed a two-headed ogre
 10129 | D:10     | Reached skill level 10 in Armour
 10132 | D:10     | Reached ***** piety under Qazlal
 11008 | D:11     | Found a staircase to the Lair.
 11128 | D:11     | Noticed an unseen horror
 11134 | D:11     | Killed an unseen horror
 11135 | D:11     | Reached skill level 14 in Axes
 11208 | D:11     | Reached skill level 11 in Armour
 11250 | D:11     | Reached XP level 12. HP: 69/81 MP: 12/16
 11512 | D:11     | Noticed Maurice
 11534 | D:11     | Killed Maurice
 11818 | Orc:1    | Entered Level 1 of the Orcish Mines
 11858 | Orc:1    | Noticed an orc high priest
 11874 | Orc:1    | Noticed a sixfirhy
 11879 | Orc:1    | HP: 13/81 [sixfirhy[an orc high priest] (10)]
 11880 | Orc:1    | HP: 5/81 [orc priest/divine providence (9)]
 11884 | Orc:1    | Killed an orc high priest
 11890 | Orc:1    | HP: 10/81 [orc priest/divine providence (14)]
 11891 | Orc:1    | HP: 3/81 [orc priest/divine providence (7)]
 12261 | Orc:1    | Found a roughly hewn altar of Beogh.
 12342 | Orc:1    | Noticed a stone giant
 12350 | Orc:1    | Killed a stone giant
 12726 | Orc:2    | Entered Level 2 of the Orcish Mines
 12763 | Orc:2    | Reached skill level 4 in Shields
 12771 | Orc:1    | HP: 10/82 [orc warrior/+2 battleaxe of distortion (19)]
 12775 | Orc:1    | Reached skill level 12 in Armour
 13053 | Orc:2    | Found a staircase to the Elven Halls.
 13072 | Orc:2    | Reached skill level 4 in Fighting
 13079 | Orc:2    | HP: 18/83 [orc warrior/+0 halberd (11)]
 13367 | Orc:2    | Noticed an orc high priest
 13371 | Orc:2    | Noticed an orc high priest
 13378 | Orc:2    | Noticed an orc high priest
 13380 | Orc:2    | Noticed a sun demon
 13380 | Orc:2    | Noticed a sixfirhy
 13388 | Orc:1    | Killed an orc high priest
 13561 | Orc:1    | Reached skill level 5 in Shields
 13564 | Orc:2    | Noticed a sixfirhy
 13719 | Orc:2    | Killed an orc high priest
 13881 | Orc:2    | Noticed a sun demon
 13887 | Orc:2    | Reached skill level 5 in Fighting
 13889 | Orc:2    | Noticed a sun demon
 13889 | Orc:2    | Noticed a sixfirhy
 13891 | Orc:2    | Killed an orc high priest
 14080 | Orc:2    | Reached XP level 13. HP: 88/91 MP: 17/17
 14108 | Orc:2    | Reached skill level 15 in Axes
 14108 | Orc:2    | Reached skill level 6 in Shields
 14361 | Orc:2    | Found Uwuakk's Weapon Boutique.
 14599 | Orc:2    | Found Ycru Kah's Distillery.
 14603 | Orc:2    | Found Uxzackit's Assorted Antiques.
 14609 | Orc:2    | Found Piadudgh's Gadget Boutique.
 14611 | Orc:2    | Found Poafewess's Weapon Shoppe.
 14937 | Orc:1    | Reached skill level 6 in Fighting
 14952 | Orc:1    | Reached ****** piety under Qazlal
 15258 | Lair:1   | Entered Level 1 of the Lair of Beasts
 15274 | Lair:1   | Noticed Gastronok
 15281 | Lair:1   | Reached skill level 7 in Shields
 15283 | Lair:1   | Killed Gastronok
 15284 | Lair:1   | Reached skill level 13 in Armour
 15384 | Lair:1   | Noticed a five-headed hydra
 15389 | Lair:1   | Reached skill level 7 in Fighting
 15395 | Lair:1   | Killed an 11-headed hydra
 15629 | Lair:1   | Reached skill level 8 in Shields
 15968 | Lair:1   | Got a translucent war axe
 15969 | Lair:1   | Identified the +6 war axe of Rubbish {vorpal, SInv Stlth+}
                  | (You found it on level 1 of the Lair of Beasts)
 16417 | Lair:2   | Got a twisted ring mail
 16436 | Lair:1   | Identified the +4 ring mail "Tiacruqu" {rPois Will+ Regen+}
                  | (You found it on level 2 of the Lair of Beasts)
 16701 | Lair:2   | Reached XP level 14. HP: 96/104 MP: 15/18
 16817 | Lair:2   | Reached skill level 8 in Fighting
 16839 | Lair:2   | Reached skill level 9 in Shields
 17580 | Lair:3   | Reached skill level 16 in Axes
 17580 | Lair:3   | Reached skill level 14 in Armour
 17583 | Lair:3   | Reached skill level 9 in Fighting
 17871 | Lair:3   | Noticed Sonja
 17883 | Lair:3   | Killed Sonja
 18197 | Lair:3   | Got a transparent scale mail
 18208 | Lair:3   | Identified the cursed +0 scale mail of Xiutt {+Blink} (You
                  | found it on level 3 of the Lair of Beasts)
 18487 | Lair:4   | Reached skill level 1 in Throwing
 18503 | Lair:4   | Reached skill level 2 in Throwing
 18629 | Lair:4   | Reached skill level 10 in Fighting
 18702 | Lair:4   | Reached skill level 3 in Throwing
 18711 | Lair:4   | Reached XP level 15. HP: 98/115 MP: 16/19
 18753 | Lair:4   | Found a staircase to the Swamp.
 18853 | Lair:4   | Found a staircase to the Snake Pit.
 19488 | Lair:5   | Reached skill level 4 in Throwing
 19835 | Lair:5   | Reached skill level 15 in Armour
 20267 | Lair:5   | Found a viscous altar of Jiyva.
 20267 | Lair:5   | Found a staircase to the Slime Pits.
 20537 | Lair:6   | Entered Level 6 of the Lair of Beasts
 20578 | Lair:6   | Reached skill level 5 in Throwing
 20631 | Lair:6   | Reached skill level 11 in Fighting
 20642 | Lair:6   | Noticed Kirke
 20652 | Lair:6   | Killed Kirke
 21019 | Lair:6   | Reached skill level 17 in Axes
 21042 | Lair:6   | Reached skill level 6 in Throwing
 21465 | Lair:6   | Got an ancient cloak
 21621 | Lair:6   | Identified the +2 cloak of the Eternal Fruit {SInv Stlth+}
                  | (You found it on level 6 of the Lair of Beasts)
 21727 | Lair:6   | Got a translucent leather armour
 21741 | Lair:6   | Identified the +1 leather armour of the Fifty Knives {rC-
                  | Int+6 Dex+4} (You found it on level 6 of the Lair of
                  | Beasts)
 22068 | D:12     | Found a runed translucent gate.
 22069 | D:12     | Found a runed translucent gate.
 22069 | D:12     | Noticed mojowtm's ghost (journeyman SpHu)
 22069 | D:12     | Identified the +9 short sword "Vikh" {venom, Str+10 Int-2
                  | Dex+3 Stlth+}
 22070 | D:12     | Found a runed translucent gate.
 22071 | D:12     | Identified the cursed +3 dagger of Conformity {drain, rPois
                  | rN+ SInv}
 22135 | D:12     | Reached XP level 16. HP: 119/126 MP: 17/20
 22402 | D:12     | Got an ichor-stained ring mail
 22413 | D:12     | Identified the +2 ring mail of the Game of Kings {Str+4
                  | Dex+2} (You found it on level 12 of the Dungeon)
 22846 | D:13     | Found a flagged portal.
 22859 | Bailey   | Entered a bailey
 22922 | Bailey   | Found a runed translucent gate.
 22923 | Bailey   | Found a runed translucent gate.
 22924 | Bailey   | Found a runed translucent gate.
 23098 | Bailey   | Reached skill level 5 in Dodging
 23098 | Bailey   | Reached XP level 17. HP: 133/133 MP: 21/21
 23106 | Bailey   | Reached skill level 9 in Throwing
 23106 | Bailey   | Reached XP level 18. HP: 139/139 MP: 22/22
 23943 | D:13     | Reached skill level 12 in Fighting
 24350 | D:14     | Reached skill level 16 in Armour
 24589 | D:14     | Found a gate to the Vaults.
 24779 | D:15     | Entered Level 15 of the Dungeon
 24779 | D:15     | Found a portal to a secret trove of treasure.
 24891 | D:15     | Found Angor's Antique Armour Shop.
 24900 | D:15     | Bought a pair of embroidered gloves for 262 gold pieces
 25009 | D:15     | Got a polished leather armour
 25020 | D:15     | Identified the +3 leather armour "Egradir" {rC- Dex+5} (You
                  | found it on level 15 of the Dungeon)
 25336 | D:15     | Reached skill level 10 in Throwing
 25814 | D:15     | Found a staircase to the Depths.
 26273 | Swamp:1  | Entered Level 1 of the Swamp
 26329 | Swamp:1  | Reached skill level 7 in Invocations
 26342 | Lair:4   | Reached skill level 18 in Axes
 26503 | Swamp:1  | Reached XP level 19. HP: 109/148 MP: 16/24
 26650 | Swamp:1  | Noticed Donald
 26660 | Swamp:1  | Killed Donald
 26862 | Swamp:1  | You fall into a shaft and drop 1 floor!
 26869 | Swamp:2  | Found a white marble altar of Elyvilon.
 26891 | Swamp:2  | HP: 37/148 [tyrant leech (31)]
 26896 | Swamp:2  | Reached skill level 8 in Invocations
 26897 | Swamp:2  | HP: 25/148 [five-headed hydra[a spriggan druid] (4)]
 27537 | Swamp:3  | HP: 35/148 [goliath frog (14)]
 27538 | Swamp:3  | HP: 16/148 [goliath frog (6)]
 27539 | Swamp:3  | Slain by a goliath frog

Illustrated notes

Levels and vault maps discovered:
D:1:      dpeg_arrival_ratfight, layout_basic
D:2:      layout_basic, serial_glass, glass_columns_b, glass_columns_a
D:3:      layout_basic, ebering_ghost_reflecting_pool,
          nicolae_qazlal_general_emergency, uniq_robin, uniq_natasha
D:4:      kennysheep_six_static_rooms, layout_basic
D:5:      layout_basic, minmay_temple_entry_glass, gup_sewer_entry_glass,
          serial_shops, nicolae_shop_statue_plus
D:6:      layout_basic, serial_shops, shop
D:7:      layout_loops_corners, xom_confusion_cloud, grunt_ministairs_3,
          lemuel_flame_loot_1
D:8:      layout_cave_pools
D:9:      layout_irregular_city, david_orc_3
D:10:     layout_rooms, nooodl_orcs_dogs
D:11:     layout_basic, david_lair_shrubbed, uniq_maurice
D:12:     layout_roguey, serial_undead, serial_undead_a, serial_undead_e,
          serial_undead_a, serial_undead_f, gammafunk_ghost_nasty_kobolds,
          grunt_ministairs_4
D:13:     minmay_octagon_keep, layout_stronghold, enter_bailey_3
D:14:     layout_rooms, david_vaults_5, moated_statue
D:15:     grunt_enter_depths_magical_seal, layout_loops_corners,
          minmay_misc_feat_iff, enter_trove_0, serial_shops,
          nicolae_shop_statue_plus, eino_tiny_chamber, chequers_arboretum
Temple:   regret_index_temple_sigil_plot
Lair:1:   minmay_lair_venomous_thicket, layout_loops_ring,
          nicolae_quartered_pool_little, wad_woods_road_03, grunt_megastairs_1,
          uniq_gastronok
Lair:2:   layout_cave_pods
Lair:3:   layout_regular_city, uniq_sonja
Lair:4:   layout_cave_pods, swamp_mist, guppyfry_snake_entry_island,
          lemuel_fruit_fields, minmay_lair_oklob_chamber
Lair:5:   layout_cave_shapes, slime_altar_1
Lair:6:   minmay_lair_end_enchanted_forest, layout_cave_pods, lemuel_fruit_tree,
          uniq_kirke
Swamp:1:  layout_basic_swamp, evilmike_swamp_ruin_house_3,
          infiniplex_staircase_pool, uniq_donald
Swamp:2:  layout_falls_marsh, lemuel_altar_in_water, swamp_pool1
Swamp:3:  layout_basic_swamp, evilmike_swamp_ruin_rubble_2,
          infiniplex_staircase_pool_2
Orc:1:    layout_diamond_mine, minmay_orc_temple_a
Orc:2:    st_orc_elflike, layout_diamond_mine, serial_shops, shop_fountains

Skill      XL: |  1  2  3  4  5  6  7  8  9 10 11 12 13 14 15 16 17 18 19 |
---------------+----------------------------------------------------------+-----
Axes           | 3 4 5 7 8 10 11 12 14 15 16 17 18 | 18.3
Invocations    | 1 6 7 8 |  8.6
Armour         | 4 8 11 12 13 14 15 16 | 16.5
Shields        | 5 8 9 |  9.0
Fighting       | 5 7 10 11 12 | 12.9
Throwing       | 3 6 9 10 | 10.5
Dodging        | 5 |  5.1

Action                   |  1- 3 |  4- 6 |  7- 9 | 10-12 | 13-15 | 16-18 | 19-21 || total
-------------------------+-------+-------+-------+-------+-------+-------+-------++-------
Melee: War axe           |    64 |   161 |   544 |   396 |       |       |       ||  1165
       Battleaxe         |       |       |       |   238 |   740 |   480 |   110 ||  1568
Invok: Upheaval          |       |       |       |     1 |       |       |       ||     1
       Disaster Area     |       |       |       |       |       |       |     1 ||     1
 Abil: Evoke Flight      |       |       |       |       |       |     2 |       ||     2
Evoke: Wand              |       |       |       |     8 |     3 |       |       ||    11
  Use: Potion            |     1 |     3 |     1 |     3 |     1 |     2 |     3 ||    14
       Scroll            |       |     8 |    14 |     4 |     7 |     5 |       ||    38
Armor: Scale mail        |    21 |    75 |    22 |       |       |       |       ||   118
       Chain mail        |       |       |   135 |       |       |       |       ||   135
       Crystal plate arm |       |       |    49 |   241 |    79 |       |       ||   369
       Ring mail         |       |       |       |       |   141 |   111 |    40 ||   292
Dodge: Dodged            |    27 |    48 |   101 |    49 |   110 |   124 |    55 ||   514
       Repelled          |       |       |       |     5 |     1 |     4 |     2 ||    12
Block: Kite shield       |    42 |   100 |   275 |   434 |   628 |   427 |   125 ||  2031
       Reflection        |       |       |       |       |       |       |     1 ||     1

Table legend: (Time is in decaauts)
 A = Elapsed time spent in this place.
 B = Non-inter-level travel time spent in this place.
 C = Inter-level travel time spent in this place.
 D = Time resting spent in this place.
 E = Time spent auto-exploring this place.
 F = Levels seen in this place.
 G = Mean time per level.
                   A        B        C        D        E       F      G
               +--------+--------+--------+--------+--------+-----+--------+
         Total |  27543 |  26149 |   1394 |   3360 |  17157 |  29 |  949.8 |
       Dungeon |  15726 |  14962 |    764 |   1445 |  10219 |  15 | 1048.4 |
        Temple |     62 |     44 |     18 |      0 |      0 |   1 |   62.0 |
          Lair |   6839 |   6410 |    429 |    644 |   4571 |   6 | 1139.8 |
         Swamp |   1199 |   1187 |     12 |    140 |    781 |   3 |  399.7 |
  Orcish Mines |   2858 |   2688 |    170 |   1131 |   1090 |   2 | 1429.0 |
         Sewer |    563 |    563 |      0 |      0 |    371 |   1 |  563.0 |
        Bailey |    293 |    293 |      0 |      0 |    124 |   1 |  293.0 |
               +--------+--------+--------+--------+--------+-----+--------+

Top non-repeatable levels by time:
   Orc:1: 1936 daAuts
     D:9: 1673 daAuts
     D:7: 1549 daAuts
     D:4: 1513 daAuts
  Lair:1: 1403 daAuts
     D:6: 1346 daAuts
  Lair:6: 1283 daAuts
    D:15: 1235 daAuts
    D:13: 1234 daAuts
    D:11: 1221 daAuts
  Lair:5: 1104 daAuts
  Lair:2: 1073 daAuts
  Lair:4: 1017 daAuts
  Lair:3: 957 daAuts
     D:5: 954 daAuts

Table legend:
 A = Kills in this place as a percentage of kills in entire the game.
 B = Kills by you in this place as a percentage of kills by you in the entire game.
 C = Kills by friends in this place as a percentage of kills by friends in the entire game.
 D = Other kills in this place as a percentage of other kills in the entire game.
 E = Experience gained in this place as a percentage of experience gained in the entire game.
 F = Experience gained in this place divided by the number of levels of this place that you have seen.
                   A       B       C       D       E      F
               +-------+-------+-------+-------+-------+----------------------
         Total | 100.0 | 100.0 |   N/A | 100.0 | 100.0 | 6452.3
       Dungeon |  51.0 |  51.1 |   N/A |   0.0 |  34.6 | 4321.2
          Lair |  26.4 |  26.4 |   N/A |   0.0 |  40.7 | 12677.3
         Swamp |   5.5 |   5.4 |   N/A | 100.0 |  15.0 | 9378.0
  Orcish Mines |   9.4 |   9.4 |   N/A |   0.0 |   8.4 | 7877.5
         Sewer |   4.9 |   4.9 |   N/A |   0.0 |   0.2 | 326.0
        Bailey |   2.8 |   2.8 |   N/A |   0.0 |   1.1 | 2021.0
               +-------+-------+-------+-------+-------+----------------------
